Map: Eternal Empire LE

Players

ShoWTimE - Winner!

  • Race: Protoss Protoss
  • Spawn Location: 1:00

YoutubeTY (TY)

  • Race: Terran Terran
  • League: Diamond
  • Spawn Location: 7:00

Event: Shopify TSL 5

VOD

Have the link to the VOD?

Description

Time

  • Played on: May 24, 2020, 12:18 p.m.
  • Length: 30:42

All games in this series

Show
View Real Time Build Order
Export as new Build Order

ShoWTimE Protoss - Winner!

Build Orders: Carriers 

Get SALT Encoding   

  12  0:00  Probe  
  13  0:12  Probe  
  14  0:17  Pylon  
  14  0:24  Probe (Chrono Boost)  
  15  0:37  Probe (Chrono Boost)  
  15  0:38  Gateway  
  16  0:45  Probe (Chrono Boost)  
  16  0:47  Assimilator  
  17  0:51  Probe  
  18  1:03  Probe  
  19  1:15  Probe  
  20  1:24  Cybernetics Core  
  22  1:32  Zealot  
  22  1:33  Probe  
  22  1:35  Pylon  
  23  1:53  Probe  
  24  1:58  Stalker (Chrono Boost)  
  26  2:04  Warp Gate  
  26  2:05  Probe  
  26  2:06  Shield Battery  
  27  2:17  Probe  
  28  2:23  Stalker (Chrono Boost)  
  28  2:28  Pylon  
  28  2:29  Probe  
  31  2:31  Assimilator  
  31  2:46  Probe  
  30  2:53  Stalker (Chrono Boost)  
  30  2:58  Probe  
  30  3:01  Nexus  
  31  3:10  Probe  
  32  3:19  Shield Battery  
  32  3:22  Stalker (Chrono Boost)  
  32  3:23  Probe  
  35  3:31  Robotics Facility  
  35  3:35  Probe  
  36  3:47  Probe  
  37  3:49  Shield Battery  
  37  3:54  Stalker  
  39  4:12  Gateway  
  39  4:13  Probe (Chrono Boost), Gateway  
  39  4:14  Probe (Chrono Boost)  
  41  4:23  Probe (Chrono Boost)  
  43  4:24  Probe (Chrono Boost)  
  43  4:28  Probe (Chrono Boost)  
  43  4:30  Warp Prism  
  46  4:33  Probe  
  47  4:39  Probe  
  47  4:45  Probe  
  48  4:47  Robotics Bay  
  48  4:50  Pylon  
  48  4:52  Probe  
  49  4:57  Probe  
  49  4:58  Sentry  
  52  5:01  Assimilator  
  52  5:05  Assimilator  
  53  5:09  Stalker  
  53  5:12  Stalker  
  53  5:13  Probe  
  50  5:14  Probe  
  50  5:19  Phoenix  
  49  5:23  Disruptor  
  49  5:25  Probe  
  49  5:26  Probe  
  51  5:31  Gravitic Drive (Chrono Boost)  
  54  5:38  Probe x2  
  54  5:42  Pylon  
  56  5:49  Pylon  
  56  5:50  Probe, Sentry  
  56  5:51  Probe  
  60  6:00  Pylon  
  60  6:01  Disruptor  
  60  6:02  Probe  
  60  6:03  Probe  
  65  6:14  Probe  
  65  6:15  Probe, Twilight Council  
  65  6:16  Zealot  
  69  6:28  Zealot x2  
  73  6:34  Colossus (Chrono Boost)  
  73  6:37  Probe x2  
  80  6:47  Pylon  
  80  6:49  Probe  
  81  6:58  Charge (Chrono Boost)  
  81  7:02  Extended Thermal Lance  
  81  7:08  Gateway x2  
  81  7:11  Gateway  
  81  7:19  Nexus  
  81  7:21  Probe  
  81  7:22  Probe  
  83  7:31  Zealot x2  
  83  7:33  Probe  
  88  7:39  Pylon, Colossus (Chrono Boost)  
  94  7:56  Forge  
  94  7:57  Probe x2  
  96  7:59  Pylon  
  96  8:01  Pylon, Forge  
  96  8:09  Probe x2  
  96  8:11  Sentry  
  100  8:17  Protoss Ground Armor Level 1 (Chrono Boost)  
  100  8:18  Pylon  
  100  8:21  Probe x2  
  100  8:22  Pylon  
  102  8:33  Probe x3  
  105  8:34  Pylon, Protoss Ground Weapons Level 1 (Chrono Boost)  
  105  8:44  Photon Cannon  
  105  8:45  Probe x3  
  108  8:49  Templar Archives  
  108  8:56  Colossus (Chrono Boost)  
  108  8:57  Probe x3  
  108  9:01  Assimilator  
  114  9:06  Assimilator  
  114  9:09  Probe x2  
  116  9:12  Gateway x2  
  116  9:21  Blink (Chrono Boost)  
  116  9:28  High Templar  
  116  9:29  Zealot x4, High Templar  
  128  9:33  Archon  
  128  9:37  Pylon  
  128  9:40  Nexus  
  128  9:44  Pylon  
  128  9:53  Zealot x2, High Templar x2  
  128  9:57  Archon  
  136  10:00  Immortal  
  136  10:02  Probe  
  141  10:08  Photon Cannon  
  141  10:10  High Templar x2  
  141  10:11  Zealot x2  
  141  10:12  Probe x2  
  151  10:14  Probe  
  151  10:15  Archon  
  151  10:19  Protoss Ground Armor Level 2 (Chrono Boost)  
  152  10:24  Probe x2  
  152  10:27  Probe  
  155  10:33  Protoss Ground Weapons Level 2 (Chrono Boost)  
  153  10:38  Zealot x4  
  153  10:40  Immortal (Chrono Boost)  
  161  10:47  Probe x3  
  161  10:48  Photon Cannon  
  168  10:51  Zealot  
  170  10:57  Probe  
  170  10:58  Pylon  
  170  10:59  Probe x2  
  173  11:05  Zealot x3  
  179  11:13  Pylon  
  179  11:14  Immortal (Chrono Boost)  
  181  11:20  Robotics Facility  
  181  11:22  Photon Cannon  
  181  11:24  Shield Battery  
  181  11:35  High Templar x4  
  181  11:39  Archon x2  
  187  11:40  Nexus  
  187  11:43  Pylon  
  187  11:46  Immortal  
  191  11:49  Assimilator  
  191  11:53  Assimilator  
  179  12:09  High Templar  
  179  12:10  Zealot x3, High Templar  
  179  12:11  Zealot x3  
  179  12:13  Stargate  
  195  12:15  Archon  
  195  12:19  Gateway  
  195  12:20  Gateway  
  195  12:22  Gateway  
  195  12:24  Gateway  
  195  12:26  Gateway  
  167  12:38  Stalker x4  
  167  12:39  Zealot x2  
  175  12:51  Protoss Ground Weapons Level 3 (Chrono Boost)  
  175  12:53  Protoss Shields Level 1 (Chrono Boost), Zealot x2  
  179  12:59  Dark Shrine  
  179  13:02  Zealot x4  
  179  13:03  Zealot x2  
  187  13:08  Unknown  
  187  13:10  Photon Cannon  
  187  13:23  Zealot x6  
  197  13:38  Fleet Beacon, Protoss Air Weapons Level 1 (Chrono Boost)  
  197  13:41  Stargate  
  197  13:42  Stargate  
  197  13:44  Pylon  
  197  13:54  Nexus  
  197  13:56  Pylon  
  197  13:58  Zealot  
  199  14:05  Photon Cannon  
  199  14:08  Pylon  
  197  14:11  Shadow Stride (Chrono Boost), Zealot  
  193  14:25  Zealot x2  
  193  14:26  Zealot  
  193  14:29  Probe x2  
  194  14:37  Carrier x2 (Chrono Boost)  
  184  14:41  Pylon  
  196  14:48  Cybernetics Core  
  196  14:52  Probe x4  
  200  14:58  Photon Cannon  
  198  15:00  Photon Cannon  
  198  15:02  Photon Cannon  
  198  15:04  Shield Battery  
  194  15:09  Protoss Shields Level 2 (Chrono Boost), Carrier (Chrono Boost)  
  200  15:17  Robotics Facility  
  200  15:18  Stargate  
  200  15:19  Robotics Facility  
  188  15:25  Carrier (Chrono Boost)  
  188  15:33  Stalker  
  199  15:43  Protoss Air Weapons Level 2 (Chrono Boost)  
  199  15:44  Stalker x3  
  199  15:50  Probe  
  199  15:55  Carrier (Chrono Boost)  
  186  16:02  Protoss Air Armor Level 1 (Chrono Boost)  
  185  16:09  Carrier x2 (Chrono Boost)  
  195  16:11  Psionic Storm  
  195  16:16  Protoss Ground Armor Level 3 (Chrono Boost)  
  195  16:18  Assimilator  
  193  16:22  Assimilator  
  191  16:32  Carrier  
  193  16:33  Nexus  
  193  16:34  Pylon  
  187  16:40  High Templar x2  
  187  16:41  High Templar x2  
  195  16:50  Photon Cannon  
  195  16:57  Warp Prism  
  195  17:09  Photon Cannon  
  195  17:10  Photon Cannon  
  195  17:13  Photon Cannon  
  195  17:23  Photon Cannon, High Templar x2  
  195  17:25  Photon Cannon  
  195  17:27  Archon  
  177  17:40  Zealot x11  
  179  18:16  Protoss Air Armor Level 2 (Chrono Boost), Carrier x3  
  179  18:17  Protoss Air Weapons Level 3 (Chrono Boost)  
  179  18:19  Carrier  
  187  18:23  Probe x5  
  187  18:24  Probe  
  193  18:31  Stalker x4  
  199  18:35  Probe  
  189  19:22  Stalker x4  
  189  19:23  Stalker x2  
  194  19:40  Stalker x3  
  200  19:50  Zealot x3  
  200  19:54  Pylon  
  196  20:11  Stalker x2  
  196  20:13  Nexus  
  196  20:14  Nexus  
  196  20:18  Stalker x3  
  188  20:49  Observer x2  
  184  20:51  Stalker x5  
  184  20:54  Gravitic Boosters (Chrono Boost)  
  194  20:58  Observer  
  191  21:08  Probe  
  182  21:19  Zealot x4  
  160  21:45  Stalker  
  160  21:46  Stalker x11  
  181  21:47  Probe  
  181  21:48  Probe  
  181  21:50  Probe  
  181  21:51  Probe  
  183  21:55  Probe  
  183  21:59  Probe  
  183  22:00  Probe  
  184  22:02  Probe  
  184  22:03  Probe  
  184  22:06  Zealot  
  184  22:07  Probe  
  189  22:09  Zealot x2  
  189  22:11  Tempest (Chrono Boost)  
  189  22:14  Protoss Shields Level 3 (Chrono Boost)  
  198  22:29  Unknown  
  198  22:32  Pylon  
  198  22:34  Stalker  
  181  23:04  Dark Templar  
  181  23:05  Dark Templar x9  
  199  23:14  Pylon  
  192  23:27  Stalker x3  
  192  23:30  Nexus  
  192  23:31  Observer  
  194  23:44  Cybernetics Core  
  194  23:46  Gateway  
  194  23:48  Gateway  
  194  23:50  Gateway  
  194  23:53  Gateway  
  191  24:05  Observer x2  
  191  24:08  Stalker x2  
  191  24:09  Stalker x2  
  183  24:24  Stalker x2  
  183  24:25  Stalker x6  
  192  24:36  Stalker x5  
  170  24:47  Probe x2  
  170  24:49  Stalker x8  
  188  25:09  High Templar x4  
  188  25:10  Nexus  
  188  25:14  Archon x2, Nexus x2, Zealot x2  
  198  25:25  Zealot  
  200  25:28  Pylon  
  170  25:52  Zealot x6  
  170  25:53  Zealot x7  
  170  25:55  Probe x5  
  197  25:59  Assimilator  
  197  26:03  Assimilator  
  197  26:07  Probe x3  
  200  26:15  Nexus  
  198  26:32  Probe x2  
  200  26:34  Pylon  
  200  26:38  Unknown  
  200  26:55  Disruptor x2  
  192  27:03  Zealot x5  
  192  27:04  Zealot  
  166  27:12  Carrier x3  
  166  27:13  Carrier  
  180  27:17  High Templar x4  
  180  27:20  Stalker x2  
  192  27:27  Probe x2  
  191  27:43  Assimilator  
  171  28:00  Archon  
  171  28:01  Archon  
  171  28:02  Stalker x7  
  171  28:03  Stalker x5  
  169  28:25  Stalker x2  
  169  28:26  Stalker x5  
  181  28:30  Probe (Chrono Boost)  
  181  28:33  Stalker  
  184  28:39  Stalker x2  
  184  28:40  Probe (Chrono Boost)  
  188  28:42  Stalker  
  188  28:45  Probe (Chrono Boost)  
  190  28:50  Stalker x3  
  190  28:56  Probe (Chrono Boost)  
  191  29:03  Pylon  
  191  29:08  Probe (Chrono Boost), High Templar x2  
  186  29:13  Probe (Chrono Boost)  
  165  29:23  Probe  
  162  29:25  Zealot x2  
  162  29:26  Stalker x5, Zealot x2  
  162  29:27  Zealot x2  
  182  29:35  Probe  
  183  29:43  Dark Templar  
  185  29:45  Assimilator  
  185  29:49  Assimilator  
  185  29:51  Zealot x6  
  195  30:12  Dark Templar  
  195  30:13  Nexus  
  193  30:24  Dark Templar  
Show
View Real Time Build Order
Export as new Build Order

YoutubeTY Terran 

Build Orders:  

Get SALT Encoding   

  12  0:01  SCV  
  13  0:13  SCV  
  14  0:18  Supply Depot  
  14  0:25  SCV  
  15  0:41  Barracks  
  15  0:50  Barracks  
  15  0:54  SCV  
  16  1:06  SCV  
  16  1:08  Refinery  
  17  1:18  SCV  
  18  1:28  Marine  
  18  1:31  Orbital Command  
  19  1:37  Marine  
  20  1:41  Supply Depot  
  20  1:46  Marine  
  21  1:55  Marine  
  21  2:00  Bunker  
  22  2:01  SCV  
  22  2:04  Marine  
  24  2:13  Marine  
  24  2:17  Factory  
  24  2:23  SCV  
  24  2:25  Bunker  
  25  2:30  Marine  
  25  2:35  SCV  
  26  2:37  Marine  
  26  2:48  Marine  
  24  2:55  SCV, Marine  
  25  3:04  Starport  
  25  3:07  SCV  
  25  3:08  Widow Mine  
  25  3:09  Marine  
  29  3:12  Marine  
  29  3:19  SCV  
  30  3:22  Supply Depot  
  30  3:31  SCV  
  31  3:44  Hellion  
  31  3:45  Command Center  
  33  3:53  Medivac  
  35  4:05  Hellion  
  35  4:07  SCV  
  35  4:11  Bunker  
  35  4:14  Refinery  
  33  4:19  SCV  
  34  4:27  Hellion  
  34  4:31  SCV, Starport Tech Lab  
  37  4:43  SCV  
  38  4:51  Marine  
  39  4:57  SCV  
  39  4:58  Orbital Command, Marine, Siege Tank  
  44  5:09  SCV, Marine  
  46  5:16  Liberator  
  46  5:18  Marine  
  46  5:21  SCV  
  49  5:25  Orbital Command  
  49  5:27  Marine  
  48  5:33  SCV, Siege Tank  
  52  5:36  Supply Depot  
  53  5:48  Bunker  
  54  5:53  SCV  
  54  5:54  SCV  
  54  5:57  Marine  
  54  5:59  Supply Depot  
  55  6:05  SCV  
  55  6:06  SCV  
  58  6:13  Raven  
  58  6:15  Supply Depot  
  58  6:17  SCV  
  62  6:20  SCV  
  62  6:21  Marine  
  62  6:23  Command Center, Factory Tech Lab  
  62  6:28  Refinery  
  62  6:29  SCV  
  62  6:30  Refinery  
  62  6:32  SCV  
  64  6:38  Marine  
  64  6:39  Marine  
  63  6:41  SCV  
  63  6:44  SCV  
  63  6:47  Siege Tank  
  63  6:53  SCV  
  67  6:56  Viking, SCV  
  69  7:05  SCV  
  69  7:08  Marine x2  
  72  7:09  SCV  
  72  7:13  Supply Depot x2  
  73  7:17  SCV  
  73  7:19  Siege Tank  
  73  7:21  SCV  
  78  7:29  SCV  
  70  7:32  Factory  
  70  7:33  SCV  
  71  7:42  SCV  
  72  7:45  Viking  
  72  7:50  SCV  
  70  7:52  Orbital Command, Marine x2  
  70  7:53  Siege Tank  
  70  7:57  SCV  
  75  8:02  SCV  
  76  8:09  SCV  
  77  8:14  SCV, Orbital Command  
  77  8:19  Siege Tank  
  82  8:21  SCV  
  82  8:22  Viking  
  82  8:26  Siege Tank  
  82  8:27  SCV  
  88  8:32  Barracks Reactor  
  88  8:33  SCV, Factory  
  89  8:39  SCV  
  90  8:43  SCV  
  90  8:46  SCV  
  92  8:48  Supply Depot  
  92  8:50  Supply Depot x2  
  92  8:51  SCV  
  92  8:55  SCV  
  94  8:56  Viking  
  94  8:58  SCV  
  94  9:00  Siege Tank x2  
  99  9:03  SCV, Refinery  
  99  9:07  SCV  
  101  9:10  SCV  
  101  9:15  SCV, Refinery  
  103  9:18  Armory  
  103  9:19  Armory, SCV  
  103  9:22  SCV  
  104  9:28  Hellion x2  
  108  9:32  Supply Depot  
  108  9:33  SCV x2, Supply Depot  
  108  9:34  SCV  
  111  9:42  Siege Tank x2  
  117  9:45  SCV  
  117  9:46  SCV x2  
  117  9:52  Hellion x2  
  124  9:58  SCV x2  
  126  10:01  Engineering Bay  
  126  10:02  SCV  
  127  10:07  Supply Depot x2  
  127  10:09  Terran Vehicle Weapons Level 1  
  127  10:10  SCV, Terran Vehicle And Ship Armor Level 1  
  128  10:19  Hellion x2  
  128  10:20  Hellion x2  
  135  10:21  SCV  
  136  10:30  SCV x2  
  136  10:31  Infernal Pre-Igniter, Factory x2  
  139  10:36  Missile Turret  
  139  10:40  Hellion x2  
  139  10:41  Missile Turret  
  143  10:44  Siege Tank x2  
  148  10:52  Starport Reactor  
  148  10:54  Missile Turret  
  148  10:56  Missile Turret  
  148  10:57  Missile Turret  
  148  10:59  Sensor Tower  
  148  11:01  Hellion  
  148  11:02  SCV x3, Hellion  
  155  11:17  Factory Reactor, Siege Tank, Factory Tech Lab  
  155  11:18  Siege Tank  
  165  11:26  Hellion x2  
  165  11:32  Supply Depot x4  
  164  11:38  Sensor Tower  
  162  11:41  Missile Turret  
  162  11:45  Missile Turret, Command Center, Siege Tank  
  167  11:54  SCV x2  
  167  11:55  Hellion x2  
  163  12:06  Hellion x3  
  163  12:07  Liberator x2  
  175  12:12  Missile Turret  
  175  12:15  Terran Vehicle Weapons Level 2  
  175  12:23  Terran Vehicle And Ship Armor Level 2  
  175  12:35  Siege Tank  
  175  12:36  Siege Tank  
  156  12:38  Hellion x2  
  156  12:40  SCV x2  
  162  12:44  Hellion  
  158  12:52  Hellion x2  
  158  12:55  Liberator  
  165  13:02  SCV  
  165  13:03  SCV x2  
  168  13:08  Siege Tank x2  
  168  13:09  Hellion  
  176  13:14  Hellion  
  179  13:21  Planetary Fortress  
  179  13:23  Refinery  
  179  13:24  Refinery  
  179  13:25  Hellion  
  180  13:38  Hellion x2  
  184  13:49  Command Center  
  184  14:06  Missile Turret, Siege Tank x2  
  184  14:07  Hellion x2  
  184  14:08  Hellion x3  
  200  14:16  Fusion Core  
  200  14:17  Starport x2  
  200  14:24  Starport Tech Lab  
  186  14:46  Missile Turret  
  186  14:51  Terran Vehicle Weapons Level 3, Terran Vehicle And Ship Armor Level 3  
  186  14:56  Starport Tech Lab  
  186  15:04  Battlecruiser, Starport Tech Lab  
  192  15:07  Weapon Refit  
  192  15:10  Supply Depot  
  192  15:12  Supply Depot  
  192  15:21  Battlecruiser  
  196  15:28  Hellion x14  
  196  15:35  Missile Turret  
  196  15:37  Supply Depot x2, Missile Turret  
  196  15:41  Planetary Fortress  
  196  15:44  Unknown  
  196  15:47  Refinery  
  196  15:50  Sensor Tower  
  187  16:06  Hellion x5, Command Center  
  187  16:08  Thor  
  187  16:09  Command Center, Thor  
  199  16:15  Neosteel Armor  
  197  16:31  Raven  
  197  16:32  Raven  
  191  16:49  Battlecruiser  
  197  16:57  Missile Turret x2  
  197  16:58  Missile Turret  
  197  16:59  Missile Turret x2  
  197  17:00  Missile Turret  
  199  17:01  Widow Mine  
  199  17:03  Drilling Claws  
  199  17:15  Smart Servos  
  199  17:20  Missile Turret  
  199  17:21  Missile Turret  
  199  17:22  Missile Turret x2  
  199  17:23  Orbital Command  
  199  17:28  Terran Ship Weapons Level 1  
  194  17:39  Thor  
  194  17:41  Hellion x13  
  200  17:50  Missile Turret  
  200  17:51  Refinery  
  200  17:53  Missile Turret  
  200  17:58  Missile Turret  
  200  18:12  Thor x2  
  194  18:15  Sensor Tower  
  194  18:17  Widow Mine x3  
  194  18:18  Widow Mine  
  192  18:22  Missile Turret, Thor  
  198  18:38  Widow Mine  
  198  18:40  Widow Mine x2  
  198  18:43  Battlecruiser  
  199  18:53  Battlecruiser  
  199  18:54  Battlecruiser  
  186  19:14  Hellion x6  
  158  19:47  Battlecruiser  
  158  19:49  Orbital Command  
  180  20:01  Siege Tank x3  
  180  20:05  Widow Mine x4  
  180  20:06  Battlecruiser  
  170  20:25  Battlecruiser  
  176  20:33  Siege Tank x3  
  173  20:39  SCV  
  173  20:40  SCV  
  166  20:52  Hellion x2  
  167  21:05  Siege Tank x2  
  173  21:13  Terran Ship Weapons Level 2  
  173  21:18  SCV x4  
  177  21:30  SCV x2  
  177  21:31  SCV  
  180  21:39  Orbital Command  
  163  21:40  Widow Mine  
  163  21:41  Widow Mine x2  
  163  21:44  Thor  
  175  21:53  Thor  
  175  22:11  Missile Turret x2  
  175  22:22  Raven  
  177  22:24  Raven  
  179  22:31  Supply Depot  
  179  22:45  SCV, Sensor Tower  
  179  22:46  SCV x2, Unknown  
  179  22:50  SCV  
  177  22:52  Thor  
  177  22:57  SCV  
  182  23:04  Hellion x6  
  188  23:33  Supply Depot  
  188  23:41  Command Center  
  188  23:51  Missile Turret  
  188  23:55  Siege Tank  
  181  23:59  Hellion  
  181  24:00  Hellion x3  
  179  24:07  Siege Tank  
  180  24:16  Siege Tank  
  149  24:27  Siege Tank  
  149  24:31  Orbital Command  
  149  24:35  Hellion x2  
  149  24:38  SCV x2  
  145  24:39  Siege Tank  
  142  24:53  Unknown, Siege Tank  
  142  24:54  Hellion  
  142  24:55  Hellion  
  147  25:05  Hellion x3  
  153  25:39  Hellion x6  
  134  25:52  Hellion x3  
  142  26:01  Hellion  
  142  26:02  Hellion  
  144  26:08  Hellion x2  
  148  26:13  Hellion x2  
  149  26:20  Missile Turret  
  146  26:26  Siege Tank  
  146  26:29  Hellion x2  
  159  26:32  Hellion  
  159  26:33  Hellion x2  
  159  26:45  Hellion  
  160  26:56  Siege Tank  
  163  27:04  Missile Turret  
  156  27:12  Hellion  
  134  27:27  Siege Tank  
  137  27:34  Hellion x3  
  118  27:59  Siege Tank  
  107  28:25  Siege Tank  
  100  28:55  Siege Tank  
  79  30:06  Hellion  
  79  30:07  Hellion  
Tags
 
Add a new tag
Caveats
  • Supply blocks, unpowered buildings, or Contaminate may cause inaccurate times.
  • Supply counts are checked every 10 seconds.